[Event "Titled Tuesday Blitz October 11 Late 2022"]
[White "Kouskoutis, Georgios-Alexandros"]
[Black "Burke, Paul"]
[WhiteFideId "4234049"]
[BlackFideId "2605767"]
[WhiteElo "2187"]
[BlackElo "1873"]
[Result "1-0"]
[Round "01"]
[TimeControl "180+1"]
[Date "2022.10.12"]
[WhiteClock "0:00:03"]
[BlackClock "0:00:02"]

1. c4 a6 2. g3 d6 3. Bg2 Nd7 4. Nc3 g6 5. d4 Bg7 6. Nf3 h6 7. O-O e6 8. b3 Ne7 9. Bb2 O-O 10. Rc1 f5 11. e4 e5 12. dxe5 dxe5 13. exf5 gxf5 14. Qc2 c6 15. Rcd1 Qe8 16. Rfe1 e4 17. Nd4 Ne5 18. Na4 Nd3 19. Rxd3 exd3 20. Qxd3 Qf7 21. Qe3 Ng6 22. Ba3 Rd8 23. Nf3 Bd7 24. Nb6 Rab8 25. Bd6 Re8 26. Bxb8 Rxe3 27. Rxe3 f4 28. gxf4 Nxf4 29. Bxf4 Qxf4 30. Nxd7 Qd6 31. Nde5 Qd1+ 32. Bf1 Qc2 33. Re2 Qf5 34. Re3 Qc2 35. a4 Qf5 36. Bd3 Qf6 37. c5 Qd8 38. Bc4+ Kh7 39. Kg2 Qf6 40. h4 Qf4 41. Bd3+ Kg8 42. Re4 Qc1 43. Rg4 Kf8 44. Bc4 Qb2 45. Nd7+ 1-0


[Site "https://www.chess.com"]

[Event "Titled Tuesday Blitz October 11 Late 2022"]
[White "Krishnan, Varun"]
[Black "Osmonbekov, Talaibek"]
[WhiteFideId "5054508"]
[BlackFideId "2017253"]
[WhiteElo "2626"]
[BlackElo "2135"]
[Result "1-0"]
[Round "01"]
[TimeControl "180+1"]
[Date "2022.10.12"]
[WhiteClock "0:00:12"]
[BlackClock "0:00:03"]

1. e4 c5 2. Nf3 d6 3. d4 cxd4 4. Nxd4 Nf6 5. Nc3 g6 6. Be3 Bg7 7. f3 O-O 8. Qd2 Nc6 9. O-O-O d5 10. Kb1 Rb8 11. Ndb5 a6 12. Na7 Nxa7 13. Bxa7 Ra8 14. Qe3 e6 15. g4 Bd7 16. e5 Ne8 17. Bc5 Rc8 18. f4 Nc7 19. Bxf8 Qxf8 20. Bd3 Nb5 21. Nxb5 axb5 22. h4 Qb4 23. h5 d4 24. Qh3 Bc6 25. hxg6 hxg6 26. Rhg1 Bd5 27. f5 Ra8 28. b3 Qa3 29. f6 Qxa2+ 30. Kc1 Qa1+ 31. Kd2 Qc3+ 32. Ke2 Ra2 33. Rd2 Be4 34. fxg7 Bxd3+ 35. Qxd3 Qc5 36. Qxd4 1-0


[Site "https://www.chess.com"]

[Event "Titled Tuesday Blitz October 11 Late 2022"]
[White "Krstic, Milos"]
[Black "Riehle, Marco"]
[WhiteFideId "954888"]
[BlackFideId "12904392"]
[WhiteElo "2194"]
[BlackElo "2462"]
[Result "0-1"]
[Round "01"]
[TimeControl "180+1"]
[Date "2022.10.12"]
[WhiteClock "0:01:42"]
[BlackClock "0:01:20"]

1. e4 e5 2. Bc4 Nf6 3. d3 c6 4. Nf3 d5 5. Bb3 Bd6 6. Nc3 d4 7. Ne2 Be6 8. Ng3 Bxb3 9. axb3 Nbd7 10. Nf5 Bf8 11. O-O g6 12. Ng3 h5 13. h3 Bd6 14. Bg5 Be7 15. Nd2 h4 16. Ne2 Nh5 17. Bxe7 Qxe7 18. f4 Nxf4 19. Nxf4 exf4 20. Rxf4 a6 21. Nf3 c5 22. b4 cxb4 23. Ra5 O-O-O 24. Nxd4 Qd6 25. Ne2 Qb6+ 0-1


[Site "https://www.chess.com"]

[Event "Titled Tuesday Blitz October 11 Late 2022"]
[White "Kukula, Pawel"]
[Black "Svane, Rasmus"]
[WhiteFideId "1115081"]
[BlackFideId "4657101"]
[WhiteElo "2062"]
[BlackElo "2674"]
[Result "0-1"]
[Round "01"]
[TimeControl "180+1"]
[Date "2022.10.11"]
[WhiteClock "0:01:26"]
[BlackClock "0:02:13"]

1. c4 e6 2. Nc3 d5 3. e3 Nf6 4. Nf3 dxc4 5. Bxc4 a6 6. d4 b5 7. Bd3 Bb7 8. Qc2 Nbd7 9. O-O c5 10. dxc5 Nxc5 11. Be2 Rc8 12. Rd1 Qb6 13. Bd2 Bd6 14. Be1 O-O 15. Qd2 Rfd8 16. Nd4 Bb8 17. b4 Ncd7 18. a4 Qc7 19. axb5 Qxh2+ 20. Kf1 Qh1# 0-1


[Site "https://www.chess.com"]

[Event "Titled Tuesday Blitz October 11 Late 2022"]
[White "Lazavik, Denis"]
[Black "Poltorak, Sebastian"]
[WhiteFideId "13515110"]
[BlackFideId "1199498"]
[WhiteElo "2437"]
[BlackElo "2232"]
[Result "1-0"]
[Round "01"]
[TimeControl "180+1"]
[Date "2022.10.11"]
[WhiteClock "0:01:21"]
[BlackClock "0:01:44"]

1. d4 Nf6 2. c4 g6 3. g3 Bg7 4. Bg2 d5 5. cxd5 Nxd5 6. Nf3 O-O 7. O-O c5 8. e4 Nb6 9. d5 e6 10. Nc3 exd5 11. exd5 Na6 12. Re1 Bf5 13. Bg5 Qc8 14. d6 Nb4 15. Re7 Bh3 16. Rc7 Qg4 17. Rxc5 Bxg2 18. Kxg2 Rac8 19. Rxc8 Rxc8 20. Rc1 Qd7 21. a3 Nc6 22. Ne4 Qf5 23. Qe2 Re8 24. Nf6+ Bxf6 25. Qxe8+ Kg7 26. Bxf6+ Qxf6 27. d7 Qd6 28. Rxc6 1-0


[Site "https://www.chess.com"]

[Event "Titled Tuesday Blitz October 11 Late 2022"]
[White "Leiva, Gianmarco"]
[Black "Weber, Samuel"]
[WhiteFideId "3804399"]
[BlackFideId "12924008"]
[WhiteElo "2285"]
[BlackElo "2215"]
[Result "1-0"]
[Round "01"]
[TimeControl "180+1"]
[Date "2022.10.12"]
[WhiteClock "0:00:12"]
[BlackClock "0:00:19"]

1. e4 e6 2. d4 d5 3. Nd2 c5 4. exd5 Qxd5 5. Ngf3 cxd4 6. Bc4 Qa5 7. O-O Nc6 8. Re1 Nf6 9. Nb3 Qb6 10. Bf4 Be7 11. Nfxd4 Bd7 12. Nb5 e5 13. Be3 Qd8 14. Nd6+ Bxd6 15. Qxd6 Qe7 16. Bc5 Qxd6 17. Bxd6 O-O-O 18. Bxf7 e4 19. Ba3 Ne5 20. Be7 Nxf7 21. Bxd8 Rxd8 22. Rad1 b6 23. h3 Re8 24. Nd4 Ne5 25. b3 Nc6 26. Nb5 Re6 27. Nd6+ Kc7 28. Nf5 g6 29. Ng3 h5 30. h4 Ne7 31. Rd4 Bc6 32. Ne2 Nf5 33. Rc4 Nxh4 34. Nd4 Rd6 35. Nb5+ Kd7 36. Nxd6 Kxd6 37. Rd4+ Ke5 38. Rd8 Nf5 39. Red1 h4 40. a4 g5 41. Rc8 Bd5 42. c4 Be6 43. Rc7 a5 44. Rb7 g4 45. Rxb6 h3 46. Rb5+ Kf4 47. Rb6 Ke5 48. Rb5+ Kf4 49. Rxa5 hxg2 50. Kxg2 Nh4+ 51. Kf1 g3 52. fxg3+ Kxg3 53. Ke1 Nf3+ 54. Ke2 Bg4 55. Ke3 Ne5 56. Rxe5 Bxd1 57. b4 Bxa4 58. Rg5+ Ng4+ 59. Kxe4 Bc2+ 60. Kd4 Kf4 61. Rg8 Ne3 62. Rf8+ Nf5+ 63. Kc5 Be4 64. Re8 Bf3 65. b5 Kg5 66. Kb4 Kf6 67. Re1 Nd6 68. Rf1 Ke5 69. Rxf3 Ne4 70. Re3 Kd4 71. Rxe4+ Kxe4 72. b6 Kd4 73. b7 Ke5 74. b8=Q+ Ke6 75. Qb5 Kd6 76. Qd5+ Kc7 77. Qe6 Kb7 78. Kb5 Ka7 79. Qe7+ Kb8 80. Kb6 Kc8 81. Qc7# 1-0


[Site "https://www.chess.com"]

[Event "Titled Tuesday Blitz October 11 Late 2022"]
[White "Luch, Michal"]
[Black "Rabineau, Clement"]
[WhiteFideId "1120042"]
[BlackFideId "628891"]
[WhiteElo "2363"]
[BlackElo "2237"]
[Result "1-0"]
[Round "01"]
[TimeControl "180+1"]
[Date "2022.10.12"]
[WhiteClock "0:01:01"]
[BlackClock "0:00:04"]

1. d4 d6 2. e4 g6 3. Nc3 Bg7 4. Be3 a6 5. h4 h6 6. Qd2 b5 7. a4 b4 8. Nce2 a5 9. Ng3 h5 10. Nh3 Bb7 11. Ng5 Nh6 12. f3 Nd7 13. Bc4 c5 14. Bxf7+ Nxf7 15. Ne6 Qb6 16. Nxg7+ Kf8 17. Ne6+ Kg8 18. O-O Rc8 19. f4 d5 20. Nxc5 Nxc5 21. dxc5 Qc6 22. exd5 Qxd5 23. Qxd5 Bxd5 24. f5 Rc6 25. Rad1 Bc4 26. Rf4 Ba6 27. Rd7 Bc8 28. Rxe7 Kf8 29. Ra7 g5 30. hxg5 Nxg5 31. Rd4 h4 32. Rd8# 1-0


[Site "https://www.chess.com"]

[Event "Titled Tuesday Blitz October 11 Late 2022"]
[White "Luxama, Jacques Muller"]
[Black "Tomaszewski, Kacper"]
[WhiteFideId "11900113"]
[BlackFideId "1127373"]
[WhiteElo "1931"]
[BlackElo "2211"]
[Result "0-1"]
[Round "01"]
[TimeControl "180+1"]
[Date "2022.10.12"]
[WhiteClock "0:00:21"]
[BlackClock "0:00:42"]

1. e4 Nc6 2. Nf3 e5 3. Bc4 Be7 4. d3 Nf6 5. O-O O-O 6. Re1 d6 7. Nbd2 Na5 8. a3 Nxc4 9. Nxc4 h6 10. h3 Be6 11. b4 Re8 12. Bb2 Nh7 13. Ne3 Ng5 14. d4 exd4 15. Nxd4 Nxe4 16. Nxe6 fxe6 17. Qg4 Bf6 18. Qxe4 Bxb2 19. Rad1 d5 20. Qg4 Qf6 21. c4 d4 22. Nc2 Rad8 23. Rd3 Qf5 24. Red1 Qxg4 25. hxg4 e5 26. f3 Kf7 27. a4 Bc3 28. b5 c5 29. Na3 Bb4 30. Nb1 e4 31. fxe4 Rxe4 32. Rf1+ Kg6 33. Nd2 Bxd2 34. Rxd2 Rxg4 35. Rd3 Re8 36. Rf2 Re1+ 37. Kh2 Re3 38. Rfd2 Rxd3 39. Rxd3 Kf5 40. Kh3 Re4 41. Rf3+ Ke6 42. Rg3 Re3 43. Kg4 Rxg3+ 44. Kxg3 Ke5 45. Kf3 g5 46. g4 Kf6 47. Ke4 Kg6 48. Kf3 h5 49. gxh5+ Kxh5 50. Kg3 g4 51. Kf4 Kh4 0-1


[Site "https://www.chess.com"]

[Event "Titled Tuesday Blitz October 11 Late 2022"]
[White "Machidon, Cristi"]
[Black "Petrova, Irina"]
[WhiteFideId "13904590"]
[BlackFideId "14124122"]
[WhiteElo "2312"]
[BlackElo "2023"]
[Result "1-0"]
[Round "01"]
[TimeControl "180+1"]
[Date "2022.10.12"]
[WhiteClock "0:00:15"]
[BlackClock "0:00:05"]

1. d4 d6 2. c4 e5 3. Nf3 e4 4. Nfd2 f5 5. Nc3 Nf6 6. Nb3 g6 7. f3 exf3 8. exf3 Bg7 9. Bd3 O-O 10. O-O c6 11. Qe1 Na6 12. a3 Nc7 13. Qh4 Be6 14. Bg5 Qd7 15. Rae1 Rae8 16. Re2 b5 17. Nd2 bxc4 18. Bxc4 Bxc4 19. Nxc4 Nfd5 20. Rfe1 Nxc3 21. bxc3 Rxe2 22. Rxe2 Nd5 23. Qe1 h6 24. Bd2 Rf7 25. Qg3 Rf6 26. h4 Kh7 27. Qe1 f4 28. Qb1 h5 29. Qe4 Rf7 30. Qe6 Re7 31. Qxd7 Rxd7 32. Re6 Bf8 33. Na5 c5 34. Re4 cxd4 35. Rxd4 Ne3 36. Rxf4 Nf5 37. Rb4 Bg7 38. Rb7 Rd8 39. Nc6 Rc8 40. Ne7 Rc4 41. Nxf5 gxf5 42. Rxa7 Kg6 43. Kf2 Bxc3 44. Bxc3 Rxc3 45. a4 Ra3 46. Kg3 Kf6 47. a5 Ke6 48. a6 Kd5 49. Rh7 Rxa6 50. Rxh5 Ke6 51. Kf4 Ra4+ 52. Kg5 Ra2 53. Rh6+ Ke5 54. g4 fxg4 55. fxg4 d5 56. Rh8 d4 57. Re8+ Kd5 58. h5 d3 59. h6 Rh2 60. Rd8+ Kc4 61. Kg6 Kc3 62. h7 d2 63. g5 Kc2 64. Rxd2+ Kxd2 65. Kg7 Ke3 66. h8=Q Rxh8 67. Kxh8 Kf4 68. g6 Kf5 69. g7 Kf6 70. g8=Q 1-0


[Site "https://www.chess.com"]

[Event "Titled Tuesday Blitz October 11 Late 2022"]
[White "Makaraci, Tunahan"]
[Black "Sarana, Alexey"]
[WhiteFideId "6356559"]
[BlackFideId "24133795"]
[WhiteElo "2175"]
[BlackElo "2689"]
[Result "0-1"]
[Round "01"]
[TimeControl "180+1"]
[Date "2022.10.11"]
[WhiteClock "0:00:11"]
[BlackClock "0:00:31"]

1. e4 c5 2. Nf3 d6 3. d4 cxd4 4. Nxd4 Nf6 5. Nc3 a6 6. Bc4 e6 7. Bb3 Nbd7 8. f4 Nc5 9. e5 dxe5 10. fxe5 Nfd7 11. Bf4 Be7 12. Qg4 g6 13. O-O-O h5 14. Qe2 Qc7 15. Rhe1 b5 16. Kb1 Bb7 17. Ndxb5 axb5 18. Nxb5 Qa5 19. Bc4 Bc6 20. Nd6+ Bxd6 21. Rxd6 Be4 22. a3 Qa4 23. Red1 Bf5 24. Kc1 O-O 25. h3 Rfc8 26. R1d4 Nb3+ 27. Bxb3 Qxb3 28. Rd2 Rxa3 0-1


[Site "https://www.chess.com"]

[Event "Titled Tuesday Blitz October 11 Late 2022"]
[White "Makarian, Rudik"]
[Black "Buchenau, Frank"]
[WhiteFideId "44105681"]
[BlackFideId "4604350"]
[WhiteElo "2790"]
[BlackElo "2432"]
[Result "1-0"]
[Round "01"]
[TimeControl "180+1"]
[Date "2022.10.12"]
[WhiteClock "0:01:39"]
[BlackClock "0:00:04"]

1. d4 e6 2. Nf3 Nf6 3. c4 b6 4. a3 Ba6 5. Qc2 Bb7 6. Nc3 c5 7. e4 cxd4 8. Nxd4 Bc5 9. Nf3 Nc6 10. Bg5 h6 11. Bh4 Nd4 12. Nxd4 Bxd4 13. Bd3 Qb8 14. Bg3 Be5 15. O-O Bxg3 16. hxg3 O-O 17. Rfe1 Qe5 18. Qd2 Rac8 19. Rad1 Qh5 20. Be2 Ng4 21. Bxg4 Qxg4 22. Qxd7 Bc6 23. Qd6 Rfd8 24. Qxd8+ Rxd8 25. Rxd8+ Kh7 26. Rd6 Be8 27. Rd8 Bc6 28. Rc8 Bb7 29. Rc7 Ba6 30. Rxa7 Bxc4 31. Rxf7 Qg5 32. Rd1 e5 33. Rc7 b5 34. Rdd7 Qc1+ 35. Kh2 Qxb2 36. Rxg7+ Kh8 37. Nd5 Bxd5 38. exd5 Qxf2 39. Rgf7 1-0


[Site "https://www.chess.com"]

[Event "Titled Tuesday Blitz October 11 Late 2022"]
[White "Matinian, Nikita"]
[Black "Haszon, David"]
[WhiteFideId "24129100"]
[BlackFideId "733610"]
[WhiteElo "2422"]
[BlackElo "2211"]
[Result "1-0"]
[Round "01"]
[TimeControl "180+1"]
[Date "2022.10.12"]
[WhiteClock "0:00:18"]
[BlackClock "0:00:10"]

1. e4 c5 2. Nf3 d6 3. d4 cxd4 4. Nxd4 Nf6 5. Nc3 a6 6. Bg5 Nbd7 7. Bc4 e6 8. f4 Qc7 9. Bb3 h6 10. Bxf6 Nxf6 11. Qe2 Be7 12. e5 dxe5 13. fxe5 Nd7 14. Bxe6 Nxe5 15. Bxc8 Rxc8 16. O-O-O O-O 17. Nd5 Bg5+ 18. Kb1 Qb8 19. h4 Bd8 20. Nf5 Re8 21. Rh3 Bc7 22. Nde7+ Kh8 23. Qh5 Rcd8 24. Re1 Kh7 25. Nxh6 g6 26. Qg5 Rxe7 27. Qxe7 Kxh6 28. h5 g5 29. Qf6+ Kh7 30. Qxg5 Rg8 31. Qf5+ Kh8 32. Qf6+ Kh7 33. Rhe3 Qd8 34. Qf5+ Kh6 35. Rxe5 Bxe5 36. Qxe5 Qg5 37. Qd6+ Kxh5 38. Rh1+ Kg4 39. Rh3 Qf4 40. Rh4+ 1-0


[Site "https://www.chess.com"]

[Event "Titled Tuesday Blitz October 11 Late 2022"]
[White "Melkumyan, Hrant"]
[Black "Mahajan, Rushaan"]
[WhiteFideId "13302485"]
[BlackFideId "30934222"]
[WhiteElo "2604"]
[BlackElo "2148"]
[Result "1-0"]
[Round "01"]
[TimeControl "180+1"]
[Date "2022.10.11"]
[WhiteClock "0:00:31"]
[BlackClock "0:00:02"]

1. c4 e5 2. g3 f5 3. Bg2 Nf6 4. Nc3 Bb4 5. Qb3 a5 6. d3 Nc6 7. e3 a4 8. Qc2 a3 9. bxa3 Bxa3 10. Bxa3 Rxa3 11. Nge2 O-O 12. O-O d6 13. Nb5 Ra8 14. a4 Be6 15. d4 d5 16. dxe5 Nxe5 17. Nf4 Bf7 18. cxd5 Nxd5 19. Rfd1 c6 20. Qxf5 Qe7 21. Qe4 Nxf4 22. exf4 cxb5 23. Qxe5 Qxe5 24. fxe5 bxa4 25. Bxb7 Ra5 26. f4 a3 27. Bc6 Be6 28. Bd7 Bxd7 29. Rxd7 a2 30. Rd2 Rfa8 31. Kg2 Kf7 32. Kh3 Ke6 33. Kg4 g6 34. Kg5 R8a7 35. h4 Ra3 36. g4 R3a4 37. Rd6+ Ke7 38. f5 gxf5 39. gxf5 Rb4 40. f6+ Kf7 41. e6+ Ke8 42. Rd5 Rb1 43. Rxa2 Rxa2 44. f7+ 1-0


[Site "https://www.chess.com"]

[Event "Titled Tuesday Blitz October 11 Late 2022"]
[White "Meunier-Pion, Jean"]
[Black "Rustemov, Alexander"]
[WhiteFideId "20685327"]
[BlackFideId "4119002"]
[WhiteElo "2467"]
[BlackElo "2867"]
[Result "0-1"]
[Round "01"]
[TimeControl "180+1"]
[Date "2022.10.12"]
[WhiteClock "0:00:56"]
[BlackClock "0:01:22"]

1. e4 e6 2. d4 d5 3. Nd2 dxe4 4. Nxe4 Bd7 5. Nf3 Bc6 6. Bd3 Nd7 7. O-O Ngf6 8. Qe2 Nxe4 9. Bxe4 Bxe4 10. Qxe4 c6 11. Bg5 Be7 12. Bxe7 Qxe7 13. c4 O-O 14. d5 cxd5 15. cxd5 Nf6 16. Qh4 Nxd5 17. Qxe7 Nxe7 18. Rfd1 Nd5 19. Ne5 Rfc8 20. Rd2 Rc7 21. g3 Rac8 22. Rad1 Rc1 23. Kg2 Rxd1 24. Rxd1 Rc2 25. Rb1 f6 26. Nd3 Rd2 27. Nc5 e5 28. Nxb7 e4 29. Kg1 Nb4 30. Nc5 f5 31. a3 Nc6 32. b4 Ne5 33. b5 e3 34. fxe3 Nf3+ 35. Kf1 Nxh2+ 36. Ke1 Nf3+ 37. Kf1 h5 38. a4 Rc2 39. Ne6 Nd2+ 0-1


[Site "https://www.chess.com"]

[Event "Titled Tuesday Blitz October 11 Late 2022"]
[White "Mikhailov, Viacheslav"]
[Black "Lopez Del Alamo, Antonio"]
[WhiteFideId "4187369"]
[BlackFideId "2227339"]
[WhiteElo "2381"]
[BlackElo "2175"]
[Result "1-0"]
[Round "01"]
[TimeControl "180+1"]
[Date "2022.10.12"]
[WhiteClock "0:02:51"]
[BlackClock "0:01:25"]

1. Nf3 Nf6 2. g3 g6 3. Bg2 Bg7 4. O-O O-O 5. c4 d6 6. Nc3 e5 7. d3 Nc6 8. Bg5 h6 9. Bxf6 Bxf6 10. Rc1 Bg7 11. Nd2 f5 12. Nd5 Nd4 13. e3 Ne6 14. b4 c6 15. Nc3 f4 16. b5 Bd7 17. bxc6 bxc6 18. Qa4 Qe8 19. Qa3 c5 20. Nde4 Qe7 21. Nd5 f3 22. Nxe7+ 1-0


[Site "https://www.chess.com"]

[Event "Titled Tuesday Blitz October 11 Late 2022"]
[White "Milosevic, Milos"]
[Black "Timmermans, Mark"]
[WhiteFideId "964875"]
[BlackFideId "1026399"]
[WhiteElo "2321"]
[BlackElo "2460"]
[Result "0-1"]
[Round "01"]
[TimeControl "180+1"]
[Date "2022.10.12"]
[WhiteClock "0:00:16"]
[BlackClock "0:01:22"]

1. e4 e5 2. Nf3 Nc6 3. d4 exd4 4. Bc4 Nf6 5. e5 d5 6. Bb5 Ne4 7. Nxd4 Bc5 8. Be3 Bd7 9. Bxc6 bxc6 10. O-O Bb6 11. f3 Ng5 12. f4 Ne4 13. Nd2 Nxd2 14. Qxd2 c5 15. Nf3 d4 16. Bf2 Bc6 17. Bh4 Qd5 18. Rad1 Kd7 19. c4 Qxc4 20. Rc1 Qd5 21. Rfe1 Kc8 22. a3 c4 23. Bf2 d3 24. Bxb6 axb6 25. Rc3 Kb7 26. Rec1 b5 27. b3 Qc5+ 28. Kh1 Bxf3 29. gxf3 Rxa3 30. Rxd3 Rha8 31. Rd5 Ra2 32. Rxc5 Rxd2 33. Rxb5+ Kc8 34. bxc4 Raa2 35. Rd5 Rxh2+ 36. Kg1 Rhg2+ 37. Kh1 h5 38. f5 h4 39. Rd4 Rh2+ 40. Kg1 Rag2+ 41. Kf1 h3 0-1


[Site "https://www.chess.com"]

[Event "Titled Tuesday Blitz October 11 Late 2022"]
[White "Nakamura, Hikaru"]
[Black "O`Gorman, Tom"]
[WhiteFideId "2016192"]
[BlackFideId "2508249"]
[WhiteElo "2909"]
[BlackElo "2271"]
[Result "1-0"]
[Round "01"]
[TimeControl "180+1"]
[Date "2022.10.11"]
[WhiteClock "0:01:07"]
[BlackClock "0:00:52"]

1. Nf3 g6 2. e4 c5 3. c3 Nf6 4. e5 Nd5 5. d4 cxd4 6. Qxd4 Nc7 7. Bc4 Nc6 8. Qh4 Bg7 9. Bh6 Bxh6 10. Qxh6 Ne6 11. Bxe6 dxe6 12. Qg7 Rf8 13. O-O Qd5 14. Na3 Bd7 15. Rfd1 Qc5 16. b4 Qb6 17. Rd2 O-O-O 18. Rad1 Nb8 19. h3 Qa6 20. Nc2 Qxa2 21. Ne3 Qb3 22. Ng5 h5 23. Nxf7 Rg8 24. Qh7 Rdf8 25. Nh6 Rh8 26. Qxe7 Re8 27. Qc5+ Bc6 28. Nf7 1-0


[Site "https://www.chess.com"]

[Event "Titled Tuesday Blitz October 11 Late 2022"]
[White "Noboa Silva, Kevin"]
[Black "Aung Thant Zin"]
[WhiteFideId "3618471"]
[BlackFideId "13000063"]
[WhiteElo "2178"]
[BlackElo "2278"]
[Result "1-0"]
[Round "01"]
[TimeControl "180+1"]
[Date "2022.10.12"]
[WhiteClock "0:00:33"]
[BlackClock "0:00:15"]

1. e4 c5 2. c3 Nf6 3. e5 Nd5 4. d4 cxd4 5. cxd4 Nc6 6. Nf3 e6 7. Bc4 d6 8. O-O Be7 9. Re1 O-O 10. exd6 Bxd6 11. Nc3 Nxc3 12. bxc3 b6 13. Ng5 h6 14. Ne4 Bb7 15. Qh5 Ne7 16. Bxh6 gxh6 17. Qxh6 Bxe4 18. Rxe4 Ng6 19. Rxe6 Bxh2+ 20. Kh1 Nf4 21. Re5 Ne6 22. Bxe6 Bxe5 23. Bf5 Re8 24. Bh7+ Kh8 25. Bg6+ 1-0


[Site "https://www.chess.com"]

[Event "Titled Tuesday Blitz October 11 Late 2022"]
[White "Nozdrachev, Leonid"]
[Black "Andreikin, Dmitry"]
[WhiteFideId "24113433"]
[BlackFideId "4158814"]
[WhiteElo "2249"]
[BlackElo "2736"]
[Result "0-1"]
[Round "01"]
[TimeControl "180+1"]
[Date "2022.10.11"]
[WhiteClock "0:00:13"]
[BlackClock "0:02:20"]

1. d4 d5 2. Nf3 e6 3. g3 b5 4. Bg2 Bb7 5. O-O Nd7 6. b3 Ngf6 7. c4 dxc4 8. bxc4 bxc4 9. Qa4 c5 10. Nc3 Rc8 11. Rb1 Bc6 12. Qxc4 cxd4 13. Qxd4 Bc5 14. Qd1 O-O 15. Na4 Be7 16. Be3 Qa5 17. Nb2 Qxa2 18. Nd4 Bxg2 19. Kxg2 Nd5 20. Bd2 Bf6 21. e3 Bxd4 22. exd4 N7f6 23. Na4 Ne4 24. Rb2 Qa3 25. Qa1 Qd3 26. Nc5 Qxd4 27. Nxe4 Qxe4+ 28. f3 Qd3 29. Qxa7 h5 30. Rf2 h4 31. Qb7 Rb8 32. Qxb8 Rxb8 33. Rxb8+ Kh7 34. Rb2 Qd4 35. Rb7 h3+ 36. Kg1 Qa1+ 37. Rf1 Qa6 38. Rxf7 Qe2 0-1


[Site "https://www.chess.com"]

[Event "Titled Tuesday Blitz October 11 Late 2022"]
[White "Obrien, Matthew"]
[Black "Naroditsky, Daniel"]
[WhiteFideId "2059150"]
[BlackFideId "2026961"]
[WhiteElo "2535"]
[BlackElo "2628"]
[Result "0-1"]
[Round "01"]
[TimeControl "180+1"]
[Date "2022.10.11"]
[WhiteClock "0:00:04"]
[BlackClock "0:00:38"]

1. e4 c6 2. Nf3 d5 3. d3 Qc7 4. Nc3 dxe4 5. dxe4 e5 6. Bc4 b5 7. Bb3 h6 8. O-O Nf6 9. h3 Nbd7 10. Re1 Be7 11. Nh4 Nc5 12. Nf5 Bxf5 13. exf5 O-O 14. Qe2 Bd6 15. Be3 Rfe8 16. Bxc5 Bxc5 17. Ne4 Be7 18. Nxf6+ Bxf6 19. Qe4 Rad8 20. Rad1 a6 21. c3 c5 22. Bd5 c4 23. Qf3 Rd6 24. Be4 Red8 25. a3 Qd7 26. Bc2 Rd2 27. Qe4 Qa7 28. Rxd2 Rxd2 29. Re2 Rd6 30. Qe3 Qd7 31. Qe4 Rd2 32. g3 Kh7 33. h4 Qd6 34. Kg2 Qd7 35. Qe3 Rd6 36. Be4 Kg8 37. Qf3 Bd8 38. f6 Rxf6 39. Qh5 Bc7 40. Re3 Qd2 41. Bf3 Qxb2 42. Qg4 Bb6 43. Qc8+ Kh7 44. Be4+ g6 45. Rf3 Rxf3 46. Bxf3 Qxf2+ 47. Kh3 Qxf3 0-1


[Site "https://www.chess.com"]

[Event "Titled Tuesday Blitz October 11 Late 2022"]
[White "Owen, Michael"]
[Black "Erdogdu, Mert"]
[WhiteFideId "7104820"]
[BlackFideId "6301495"]
[WhiteElo "1943"]
[BlackElo "2413"]
[Result "0-1"]
[Round "01"]
[TimeControl "180+1"]
[Date "2022.10.12"]
[WhiteClock "0:00:01"]
[BlackClock "0:00:52"]

1. e4 c5 2. Nf3 d6 3. d4 cxd4 4. Nxd4 Nf6 5. Nc3 a6 6. Be3 e6 7. f3 b5 8. Qd2 Nbd7 9. O-O-O Bb7 10. g4 Nb6 11. g5 Nfd7 12. Qe1 Rc8 13. Kb1 Ne5 14. f4 Nec4 15. Bc1 b4 16. Bxc4 Nxc4 17. Na4 Be7 18. Rg1 Qa5 19. b3 O-O 20. f5 e5 21. Nf3 Qc7 22. Qe2 Qc6 23. f6 Bd8 24. fxg7 Re8 25. Rge1 Ba5 26. Nh4 Na3+ 27. Bxa3 bxa3 28. Nf5 Bxe1 29. Rxe1 Re6 30. c4 Rce8 31. Nc3 Qc5 32. Nd5 Bxd5 33. exd5 Rg6 34. h4 f6 35. Qf3 Qc7 36. Nh6+ Kxg7 37. gxf6+ Rxf6 38. Nf5+ Kh8 39. Qh5 Ref8 40. Rf1 Qf7 41. Qxf7 R8xf7 0-1


[Site "https://www.chess.com"]

[Event "Titled Tuesday Blitz October 11 Late 2022"]
[White "Ozates, Tuna"]
[Black "Shuqja, Klean"]
[WhiteFideId "6354521"]
[BlackFideId "4701585"]
[WhiteElo "2151"]
[BlackElo "1893"]
[Result "1-0"]
[Round "01"]
[TimeControl "180+1"]
[Date "2022.10.12"]
[WhiteClock "0:00:53"]
[BlackClock "0:00:18"]

1. e4 g6 2. Nc3 Bg7 3. g3 b6 4. Bg2 Bb7 5. d3 e6 6. Be3 Ne7 7. Qd2 O-O 8. Bh6 d6 9. h4 f6 10. h5 g5 11. Bxg7 Kxg7 12. f4 h6 13. O-O-O Nd7 14. Nf3 a6 15. Nd4 Nc5 16. Bh3 e5 17. Nf3 Bc8 18. Bxc8 Qxc8 19. d4 Nd7 20. dxe5 fxe5 21. f5 Nf6 22. Nxg5 hxg5 23. Qxg5+ Kf7 24. h6 Rg8 25. Qh4 Rg4 26. Qh3 Qg8 27. h7 Qg5+ 28. Kb1 Rh8 29. Qf1 Rxh7 30. Qc4+ d5 31. Rxh7+ Nxh7 32. Nxd5 Nxd5 33. Qxd5+ Kg7 34. Qxe5+ Qf6 35. Rd7+ Kf8 36. Qxc7 Rxe4 37. Rd8+ Re8 38. Rxe8+ Kxe8 39. Qxh7 Qe5 40. Qg8+ Ke7 41. Qe6+ Qxe6 42. fxe6 Kxe6 43. c4 Kf5 44. Kc2 Ke4 45. Kc3 Ke3 46. b4 Ke4 47. g4 Kf4 48. c5 bxc5 49. bxc5 Kxg4 50. c6 Kf5 51. c7 Ke6 52. c8=Q+ 1-0


[Site "https://www.chess.com"]

[Event "Titled Tuesday Blitz October 11 Late 2022"]
[White "Pakleza, Zbigniew"]
[Black "Bilan, Danila"]
[WhiteFideId "1119290"]
[BlackFideId "24161918"]
[WhiteElo "2837"]
[BlackElo "2453"]
[Result "0-1"]
[Round "01"]
[TimeControl "180+1"]
[Date "2022.10.12"]
[WhiteClock "0:00:04"]
[BlackClock "0:00:13"]

1. d4 d5 2. Bf4 Nf6 3. e3 c5 4. c3 Nc6 5. Nd2 cxd4 6. cxd4 Bf5 7. Ngf3 e6 8. Qb3 Qb6 9. Qxb6 axb6 10. Bb5 Nd7 11. Ke2 Na7 12. Bd3 Bxd3+ 13. Kxd3 Nc6 14. a3 Be7 15. e4 dxe4+ 16. Nxe4 O-O 17. Rhd1 Nf6 18. Nxf6+ Bxf6 19. Ke4 Ne7 20. Rac1 Nd5 21. Be5 Rac8 22. Bxf6 gxf6 23. g3 Rfd8 24. Rxc8 Rxc8 25. Kd3 Kf8 26. Nd2 Ke7 27. Nb3 h5 28. Rc1 Rh8 29. h4 f5 30. Nd2 Rg8 31. Ke2 f4 32. Ne4 fxg3 33. fxg3 Rg4 34. Kf3 f5 35. Ng5 f4 36. Re1 Rxg3+ 37. Kf2 Re3 38. Rxe3 Nxe3 39. Kf3 Nf5 40. Kxf4 Nxh4 41. Ne4 Nf5 42. Ke5 h4 43. Ng5 Nh6 44. Kf4 Nf7 45. Nf3 Nd6 46. Nxh4 Kf6 47. Nf3 Nf5 48. Ke4 Ne7 49. Ne5 Nd5 50. b4 Ke7 51. Kd3 Kd6 52. Nc4+ Kc6 53. Ne5+ Kd6 54. Kc4 Ne3+ 55. Kb5 Nd5 56. Nc4+ Kc7 57. Ne5 Kd6 58. Nf7+ Kc7 59. Ng5 Kd6 60. Kc4 Kc6 61. b5+ Kd6 62. Ne4+ Kd7 63. Kd3 Ke7 64. Nd2 Kd7 65. a4 Kd6 66. Ke4 Nc3+ 67. Kd3 Nxa4 68. Kc4 Nb2+ 69. Kc3 Nd1+ 70. Kd3 Nf2+ 71. Kc4 Ng4 72. Ne4+ Kd7 73. Kd3 Nh6 74. Nf6+ Kd6 75. Ne4+ Kc7 76. Ng5 Kd7 77. Nf3 Nf5 78. Ne5+ Kc7 79. Kc4 Nd6+ 80. Kb4 Ne4 81. Kc4 Kd6 82. Nf7+ Ke7 83. Ne5 Nd6+ 84. Kb4 Nf7 85. Nd3 Kd6 86. Kc4 e5 87. dxe5+ Nxe5+ 88. Nxe5 Kxe5 89. Kc3 Kd5 90. Kb3 Kc5 91. Kc3 Kxb5 92. Kb3 Kc5 0-1


[Site "https://www.chess.com"]